 Dungeon Crawl Stone Soup version 0.31-a0-229-g1fc7ce93e2 (webtiles) character file.

Game seed: 8453646812117287856

12 qw the Shooter (level 2, 0/16 HPs)
             Began as a Gargoyle Hexslinger on July 6, 2023.
             Slain by a goblin
             ... wielding a +0 club
              (2 damage)
             ... on level 2 of the Dungeon.
             The game lasted 00:00:13 (575 turns).

qw the Shooter (Gargoyle Hexslinger)                 Turns: 575, Time: 00:00:14

Health: 0/16       AC:  4    Str: 11    XL:     2   Next: 33%
Magic:  3/3        EV: 12    Int: 13    God:
Gold:   19         SH:  0    Dex: 12    Spells: 2/3 levels left

rFire   . . .        Y - +1 sling
rCold   . . .        (no shield)
rNeg    + . .        c - +0 robe
rPois   inf          (no helmet)
rElec   +            (no cloak)
rCorr   .            (no gloves)
SInv    .            (no boots)
Will    .....        (no amulet)
Stlth   +            (no ring)
HPRegen 0.22/turn    (no ring)
MPRegen 0.08/turn

%: no passive effects
@: no status effects
A: sickness immunity, AC +2, negative energy resistance 1, electricity
resistance, torment resistance 1, petrification resistance
a: no special abilities


You were on level 2 of the Dungeon.
You visited 1 branch of the dungeon, and saw 2 of its levels.

You collected 19 gold pieces.


Innate Abilities, Weirdness & Mutations

You are immune to sickness and miasma.
Your stone body is resilient. (AC +2)
You are immune to poison.
You resist negative energy. (rN+)
You are resistant to electric shocks. (rElec)
You are resistant to unholy torment.
You are immune to petrification.


   Skills:
 - Level 1.1 Fighting
 + Level 2.9 Ranged Weapons
 - Level 1.5 Dodging
 - Level 1.0 Spellcasting
 - Level 2.6 Hexes


You had 2 spell levels left.
You knew the following spells:

 Your Spells              Type           Power      Damage    Failure   Level
a - Slow                  Hex            28%        N/A       10%         1

Your spell library contained the following spells:

 Spells                   Type           Power      Damage    Failure   Level
 Inner Flame              Hex/Fire       4%         N/A       43%         3
 Portal Projectile        Hex/Tloc       8%         N/A       43%         3
 Cause Fear               Hex            3%         N/A       67%         4

Inventory:

Hand Weapons
 Y - a +1 sling (weapon)
Armour
 b - a +0 leather armour
 c - a +0 robe (worn)
Scrolls
 a - a scroll of silence {unknown}
 e - a scroll of identify
Potions
 d - a potion of curing {unknown}

Dungeon Overview and Level Annotations

Branches:
Dungeon (2/15)

Altars:


Message History

You shoot a sling bullet.
The sling bullet hits the goblin but does no damage.
You shoot a sling bullet.
The sling bullet hits the goblin but does no damage.
You shoot a sling bullet.
The sling bullet closely misses the goblin.
You shoot a sling bullet.
The sling bullet hits the goblin but does no damage.
The goblin hits you but does no damage.
You shoot a sling bullet.
The sling bullet hits the goblin but does no damage.
The goblin hits you with a +0 club.
You shoot a sling bullet.
The sling bullet completely misses the goblin.
The goblin misses you. The goblin hits you with a +0 club.
You shoot a sling bullet.
The sling bullet closely misses the goblin.
The goblin barely misses you.
You shoot a sling bullet.
The sling bullet barely misses the goblin.
The goblin hits you but does no damage.
You shoot a sling bullet.
The sling bullet closely misses the goblin.
The goblin hits you with a +0 club.
You shoot a sling bullet.
The sling bullet closely misses the goblin.
The goblin hits you with a +0 club. The goblin barely misses you.
You shoot a sling bullet.
The sling bullet completely misses the goblin.
The goblin hits you but does no damage.
You shoot a sling bullet.
The sling bullet barely misses the goblin.
The goblin hits you with a +0 club.
You shoot a sling bullet.
The sling bullet barely misses the goblin.
The goblin hits you with a +0 club.
You shoot a sling bullet. The sling bullet hits the goblin.
The goblin is heavily wounded.
The goblin hits you but does no damage. The goblin hits you with a +0 club.
You die...

#.#.#.###
#.#.....#
#.#.#.#.###
#.#.#.....#
#.......#.#
#.########.#####.#
#..............#.#
#######....#.....#
###.#......@##
#...#<.....g#
#.####.#..#.#
#.#....#....#
##............
.####......##.....
......##.#.##..###
####..##....#..#
#>...........


You could see a goblin.

Vanquished Creatures
  A ball python (D:1)
  A goblin (D:1)
  A hobgoblin (D:1)
  3 kobolds
  A quokka (D:1)
  A bat (D:1)
  A frilled lizard (D:1)
  3 rats (D:1)
12 creatures vanquished.

Notes
Turn   | Place    | Note
-------+----------+-------------------------------------------
     0 | D:1      | qw the Gargoyle Hexslinger began the quest for the Orb.
     0 | D:1      | Reached XP level 1. HP: 12/12 MP: 2/2
     0 | D:1      | 0 ||| qw: Version: 0.3-a-46-gb1f654a
     0 | D:1      | 0 ||| qw: Game counter: 1646
     0 | D:1      | 0 ||| qw: Melee chars always use a shield: true
     0 | D:1      | 0 ||| qw: God list: Okawaru
     0 | D:1      | 0 ||| qw: Allow faded altars: false
     0 | D:1      | 0 ||| qw: Do Orc after clearing Dungeon:15 true
     0 | D:1      | 0 ||| qw: Do second Lair branch before Depths: true
     0 | D:1      | 0 ||| qw: Lair rune preference: random
     0 | D:1      | 0 ||| qw: Goals: Normal
     0 | D:1      | 0 ||| PLANNING D:1-11
    56 | D:1      | Reached XP level 2. HP: 13/16 MP: 3/3
   374 | D:1      | 374 ||| READING scroll labelled POYSIL UNUOPOA.
   375 | D:1      | 375 ||| READING scroll labelled VEUKHL HYSAI.
   380 | D:1      | 380 ||| READING scroll labelled PAADEE HOFIY.
   381 | D:1      | 381 ||| READING scroll labelled YMEIQAJ HENGICH.
   382 | D:1      | 382 ||| DROPPING scroll of poison.
   574 | D:2      | HP: 2/16 [goblin/+0 club (3)]
   575 | D:2      | Slain by a goblin

Levels and vault maps discovered:
D:1:      saegor_arrival_miasma, layout_basic
D:2:      layout_basic, uniq_sigmund

Action                     || total
---------------------------++-------
   Fire: Sling             ||    49
    Use: Scroll            ||     4
 Armour: Robe              ||    10
  Dodge: Dodged            ||    13

Table legend:
 A = Non-vault XP
 B = Vault XP
 C = Vault XP percentage of total XP
 D = Non-vault monster count
 E = Vault monster count
 F = Vault count percentage of total count
                 A         B        C        D         E       F
            +---------+---------+-------+---------+---------+-------
      Total |      18 |       0 |   0.0 |      12 |       0 |   0.0
            +---------+---------+-------+---------+---------+-------
        D:1 |      16 |       0 |   0.0 |      11 |       0 |   0.0
        D:2 |       2 |       0 |   0.0 |       1 |       0 |   0.0
            +---------+---------+-------+---------+---------+-------
